 Dungeon Crawl Stone Soup version 0.20.1-1-g8b1a95d (webtiles) character file.

207 Linguinho the Sneak (level 6, -6/39 HPs)
             Began as a Halfling Assassin on Oct 28, 2017.
             Killed by divine providence
             ... invoked by an orc priest
              (9 damage)
             ... on level 3 of the Dungeon.
             The game lasted 00:08:23 (2559 turns).

Linguinho the Sneak (Halfling Assassin)             Turns: 2559, Time: 00:08:24

Health: -6/39      AC:  5    Str: 12    XL:     6   Next: 11%
Magic:  6/6        EV: 16    Int:  9    God:
Gold:   159        SH:  0    Dex: 18    Spells: 5/5 levels left

rFire    . . .     SeeInvis .   a - +2 dagger
rCold    . . .     Gourm    .   (shield restricted)
rNeg     . . .     Faith    .   c - +0 robe
rPois    .         Spirit   .   u - +0 helmet
rElec    .         Reflect  .   d - +0 cloak
rCorr    .         Harm     .   v - +0 pair of gloves
MR       .....                  (no boots)
Stlth    +++.......             (no amulet)
Regen    0.2/turn               (no ring)
MPRegen  0.1/turn               (no ring)

@: no status effects
A: mutation resistance 1
a: no special abilities


You were on level 3 of the Dungeon.
You were not hungry.

You visited 1 branch of the dungeon, and saw 3 of its levels.

You collected 159 gold pieces.

Inventory:

Hand Weapons
 a - a +2 dagger (weapon)
 b - a +0 blowgun
Missiles
 e - 25 poisoned needles
 f - 2 curare-tipped needles
Armour
 c - a +0 robe (worn)
 d - a +0 cloak (worn)
 u - a +0 helmet (worn)
 v - a +0 pair of gloves (worn)
Jewellery
 n - an uncursed ring of resist corrosion
 w - a cursed -3 ring of strength {unknown}
Scrolls
 i - a scroll of amnesia
 l - a scroll of immolation {unknown}
 p - a scroll of remove curse {unknown}
 q - 2 scrolls of enchant weapon {unknown}
 r - a scroll of identify {unknown}
 t - a scroll of recharging {unknown}
 x - a scroll of enchant armour {unknown}
 y - a scroll of teleportation {unknown}
 z - a scroll of fog {unknown}
 B - a scroll of magic mapping {unknown}
Potions
 h - 2 potions of brilliance {unknown}
 j - 2 potions of magic {unknown}
 o - a potion of curing {unknown}
 s - a potion of might {unknown}
 A - 2 potions of heal wounds {unknown}
Comestibles
 g - a bread ration
 k - 3 royal jellies
 m - a meat ration


   Skills:
 + Level 2.2 Fighting
 + Level 4.2 Short Blades
 + Level 2.1 Throwing
 + Level 3.3 Dodging
 + Level 5.7 Stealth


You had 5 spell levels left.
You didn't know any spells.

Dungeon Overview and Level Annotations

Branches:
Dungeon (3/15)

Altars:
Kikubaaqudgha
Xom


Innate Abilities, Weirdness & Mutations

You are small and have problems with some larger weapons.
You are somewhat resistant to further mutation.


Message History

The orc priest hits you with a flail.
You remove your ring of resist corrosion.
You aren't wearing any rings or amulets.
You aren't wearing any rings or amulets.
Unknown command.
As you read the scroll labeled ULLIXK CY XEN, it crumbles to dust.
It is a scroll of amnesia.
You feel forgetful for a moment.
The orc priest calls down the wrath of Beogh upon you.
Beogh smites you!
* * * LOW HITPOINT WARNING * * *
The orc priest mumbles some strange prayers to Beogh against you.
Pain shoots through your body!
* * * LOW HITPOINT WARNING * * *
There is an open door here.
The orc priest miscasts a cantrip.
There is an open door here.
The orc priest invokes the aid of Beogh against you.
Beogh smites you!
You die...

#.... ##### #....
#...# #....
######...######....
#..o.o...'...)'....
##.###...######..†.
#.# #...# #.(.. #.#
#...# #.†.. #@#
#...# #.... #.#
##### ##### #.# #.#
#.# #.# #.# #.#
######### #.#
#.......#


You could see an orc priest.

Vanquished Creatures
  2 vampire bats (D:2)
  5 adders
  2 worms
  2 dart slugs
  2 leopard geckos (D:1)
  2 orcs (D:3)
  3 ball pythons
  7 bats
  5 bat skeletons (D:2)
  3 giant cockroaches
  3 goblins
  2 hobgoblins
  10 jackals
  A quokka (D:3)
  16 frilled lizards
  8 kobolds
  5 rats
78 creatures vanquished.

Notes
Turn   | Place    | Note
-------+----------+-------------------------------------------
     0 | D:1      | Linguinho the Halfling Assassin began the quest for the Orb.
     0 | D:1      | Reached XP level 1. HP: 14/14 MP: 1/1
    66 | D:1      | Reached XP level 2. HP: 11/19 MP: 2/2
   281 | D:1      | Reached skill level 5 in Stealth
   570 | D:1      | Reached XP level 3. HP: 24/24 MP: 3/3
  1423 | D:2      | Reached XP level 4. HP: 24/29 MP: 4/4
  1967 | D:2      | Found an ancient bone altar of Kikubaaqudgha.
  1983 | D:2      | Reached XP level 5. HP: 28/34 MP: 5/5
  2047 | D:2      | Found a shimmering altar of Xom.
  2471 | D:3      | Reached XP level 6. HP: 37/39 MP: 6/6
  2546 | D:3      | HP: 1/39 [orc priest/nerve-wracking pain (4)]
  2559 | D:3      | Killed from afar by an orc priest

Skill      XL: |  1  2  3  4  5 |
---------------+----------------+-----
Stealth        | 5 |  5.7
Short Blades   | 3 4 |  4.2
Dodging        | 2 3 |  3.3
Fighting       | 2 |  2.2
Throwing       | |  2.1

Action                   |  1- 3 |  4- 6 || total
-------------------------+-------+-------++-------
Melee: Dagger            |    92 |   190 ||   282
  Use: Scroll            |       |     1 ||     1
 Stab: Sleeping          |     8 |     6 ||    14
  Eat: Chunk             |     1 |     4 ||     5
Armor: Robe              |    21 |    55 ||    76
Dodge: Dodged            |    65 |   194 ||   259
